 Dungeon Crawl Stone Soup version 0.24.0-1-gfbc8707122 (webtiles) character file.

Game seed: 1222970645036388317, levelgen mode: deterministic

3471 Emblim88 the Archer (level 9, -3/78 HPs)
             Began as a Centaur Hunter on Oct 27, 2019.
             Was a Priest of Okawaru.
             Slain by an orc wizard
             ... wielding a +4 rapier of electrocution
              (6 damage)
             ... on level 8 of the Dungeon.
             The game lasted 00:15:43 (9640 turns).

Emblim88 the Archer (Centaur Hunter)                Turns: 9640, Time: 00:15:44

Health: -3/78      AC:  9    Str: 13 (14) XL:     9   Next: 79%
Magic:  14/14      EV: 10    Int:  8 (10) God:    Okawaru [***...]
Gold:   526        SH:  3    Dex: 11 (14) Spells: 8/8 levels left

rFire    x . .     SeeInvis .   E - +1 long sword (slice)
rCold    + . .     Gourm    .   (no shield)
rNeg     . . .     Faith    .   z - +3 robe of Clouds {+Thunder rCloud rElec}
rPois    .         Spirit   .   (no helmet)
rElec    +         Reflect  +   p - +1 cloak
rCorr    .         Harm     .   (no gloves)
MR       .....                  (no barding)
Stlth    +.........             h - +3 amulet of reflection
HPRegen  0.23/turn              i - ring of ice
MPRegen  0.14/turn              (no ring)

@: lethally poisoned (-3 -> -9), very quick
A: large, hooves 3, deformed body, speed 2, tough skin 3
a: Heroism, Renounce Religion, Evoke Thunderclouds


You were on level 8 of the Dungeon.
You worshipped Okawaru.
Okawaru was most pleased with you.
You were not hungry.

You visited 2 branches of the dungeon, and saw 9 of its levels.

You collected 526 gold pieces.

Inventory:

Hand Weapons
 a - a +1 shortbow
 u - a +0 hunting sling
 E - a +1 long sword of slicing (weapon)
Missiles
 c - 172 stones (quivered)
 o - 29 sling bullets
 C - 69 bolts
Armour
 p - a +1 cloak (worn)
 q - a +0 large shield
 z - the +3 robe of Clouds (worn) {+Thunder rCloud rElec}
   (You found it on level 5 of the Dungeon)

   It insulates you from electricity.
 I - a +0 buckler
Jewellery
 h - a +3 amulet of reflection (around neck)
 i - a ring of ice (left hand)
 G - a cursed ring of attention {unknown}
Wands
 s - a wand of acid (6)
 v - a wand of random effects (16)
 y - a wand of enslavement (9)
 D - a wand of iceblast (17)
 F - a wand of disintegration (17)
Scrolls
 b - 3 scrolls of identify
 e - a scroll of magic mapping
 g - 3 scrolls of enchant armour
 k - a scroll of fog
 l - 2 scrolls of enchant weapon {unknown}
 m - a scroll of amnesia
 r - a scroll of teleportation
 w - 3 scrolls of remove curse
 H - a scroll of acquirement {unknown}
Potions
 j - a potion of degeneration
 n - a potion of berserk rage {unknown}
 t - a potion of might {unknown}
 x - a potion of ambrosia {unknown}
 A - a potion of flight {unknown}
 B - a potion of haste {unknown}
Comestibles
 f - 6 rations


   Skills:
 + Level 6.7 Fighting
 * Level 12.6 Bows
 - Level 1.3 Dodging
 - Level 0.4 Stealth
 * Level 6.9 Invocations
 + Level 4.7 Evocations


You had 8 spell levels left.
You didn't know any spells.
Your spell library contained the following spells:

 Spells                   Type           Power        Failure   Level  Hunger
 Corona                   Hex            #......      41%         1    ##.....
 Slow                     Hex            #.......     54%         2    ###....
 Inner Flame              Hex/Fire       #.......     78%         3    ####...
 Portal Projectile        Hex/Tloc       #.....       78%         3    ####...
 Cause Fear               Hex            #.........   99%         4    #####..
 Leda's Liquefaction      Hex/Erth       #.........   99%         4    #####..


Dungeon Overview and Level Annotations

Branches:
Dungeon (8/15)             Temple (1/1) D:4
   Lair: D:8-11

Altars:
Ashenzari
Cheibriados
Dithmenos
Elyvilon
Fedhas
Gozag
Hepliaklqana
Kikubaaqudgha
Makhleb
Nemelex Xobeh
Okawaru
Qazlal
Ru
Sif Muna
Trog
Uskayaw
Vehumet
Wu Jian
Xom
Yredelemnul
The Shining One


Innate Abilities, Weirdness & Mutations

You have hooves in place of feet.
Armour fits poorly on your strangely shaped body.
You cover ground very quickly.
You have extremely tough skin. (AC +3)


Message History

Something hits you but does no damage.
The centaur unwields a +2 rapier of draining.
The centaur wields a +0 shortbow.
The centaur shoots an arrow.
The arrow hits you.
You hear some strange, mumbled words.
A puff of frost appears from out of thin air!
The puff of frost hits you but does no damage.
You closely miss something.
You feel sick.
The centaur shoots an arrow.
The arrow hits you!
* * * LOW HITPOINT WARNING * * *
Something hits you.
* * * LOW HITPOINT WARNING * * *
The centaur shoots an arrow.
The arrow closely misses you. Something hits you.
* * * LOW HITPOINT WARNING * * *
It was a potion of degeneration.
There was something very wrong with that liquid.
You feel weakened.
You feel dopey.
You feel clumsy.
* * * LOW HITPOINT WARNING * * *
You feel sick. Something hits you.
You die...

#+####.........#....[............
..........####.#.#####..###.##.##
..........# #.#...............#.
........######.#####...........#.
..##..### #........#.##..##.##.#.
..###.#####....#.....###.##.##...
..#................### #.##'#####
..#.'#########'#(#.## #...).....
.##.#.........##@#..# ##........
.##.#.........##{##.## #........
.##.##.......##cY.#..#####..#####
.##..#.......##.(###.#.....>.....
.###.##.....##..5#.#...##########
.###..#.....##.#D..##...#
....#.##...##.......#...#
....#..#...##...(##Z##..#
.......##.##..#..##..#..#


You could see a four-headed hydra, a yak, a centaur and a crimson imp.

Vanquished Creatures
  Joseph (D:7)
  A troll (D:6)
  A wyvern (D:8)
  2 ice beasts (D:6)
  2 black bears
  A hornet zombie (D:8)
  3 orc warriors (D:7)
  An eye of draining (D:8)
  A sky beast (D:6)
  6 ogres
  4 bullfrogs
  A killer bee (D:8)
  A howler monkey (D:4)
  4 crimson imps
  A centaur zombie (D:5)
  A jelly (D:6)
  3 orc priests
  4 hounds
  6 orc wizards
  A bullfrog skeleton (D:8)
  3 iguanas
  5 worker ants
  A worker ant zombie (D:6)
  11 adders
  An ooze (D:2)
  2 adder skeletons (D:4)
  5 worms
  3 dart slugs
  5 leopard geckos
  18 orcs
  2 ball pythons
  6 giant cockroaches
  3 hobgoblins
  6 jackals (D:6)
  7 kobolds
  6 quokkas
  8 bats
  3 frilled lizards
  A giant cockroach zombie (D:5)
  3 goblins (D:1)
  A jackal skeleton (D:7)
  A leopard gecko skeleton (D:4)
  A quokka skeleton (D:4)
  9 rats
156 creatures vanquished.

Notes
Turn   | Place    | Note
-------+----------+-------------------------------------------
     0 | D:1      | Emblim88 the Centaur Hunter began the quest for the Orb.
     0 | D:1      | Reached XP level 1. HP: 17/17 MP: 1/1
   127 | D:1      | Reached XP level 2. HP: 22/24 MP: 2/2
   289 | D:1      | Reached skill level 6 in Bows
   665 | D:2      | Reached XP level 3. HP: 22/30 MP: 3/3
   958 | D:2      | Reached XP level 4. HP: 37/37 MP: 4/4
  1178 | D:2      | Reached skill level 7 in Bows
  1329 | D:3      | Found a shimmering altar of Xom.
  1699 | D:3      | Found a shimmering blue altar of Sif Muna.
  1980 | D:4      | Reached XP level 5. HP: 38/45 MP: 5/5
  2043 | D:4      | Reached skill level 8 in Bows
  2111 | D:4      | Found a staircase to the Ecumenical Temple.
  2139 | Temple   | Entered the Ecumenical Temple
  2202 | Temple   | Became a worshipper of Warmaster Okawaru
  2248 | D:4      | Noticed an ogre
  2257 | D:4      | Killed an ogre
  2257 | D:4      | Reached XP level 6. HP: 38/52 MP: 6/6
  2530 | D:4      | Found a hazy altar of Hepliaklqana.
  2651 | D:5      | Entered Level 5 of the Dungeon
  2655 | D:5      | Reached skill level 1 in Evocations
  2934 | D:5      | Reached skill level 9 in Bows
  3164 | D:5      | Reached XP level 7. HP: 45/60 MP: 8/8
  3214 | D:5      | Reached * piety under Okawaru
  3415 | D:5      | Found a burning altar of Makhleb.
  3448 | D:5      | Found the +3 robe of Clouds {+Thunder rCloud rElec}
  4037 | D:6      | Reached skill level 10 in Bows
  4046 | D:6      | Reached skill level 5 in Fighting
  4046 | D:6      | Reached skill level 1 in Invocations
  4132 | D:6      | Reached XP level 8. HP: 15/68 MP: 6/10
  4848 | D:6      | Noticed a troll
  5476 | D:6      | Reached ** piety under Okawaru
  5476 | D:6      | Reached skill level 11 in Bows
  5544 | D:6      | Found a sparkling altar of Nemelex Xobeh.
  5548 | D:6      | Found a glowing golden altar of the Shining One.
  5550 | D:6      | Found an ornate altar of the Wu Jian Council.
  5665 | D:6      | Killed a troll
  7235 | D:7      | Reached XP level 9. HP: 73/75 MP: 12/12
  7239 | D:7      | Reached skill level 5 in Invocations
  7692 | D:7      | Noticed Joseph
  7716 | D:7      | HP: 2/75 [Joseph/sling bullet (14)]
  7721 | D:7      | Killed Joseph
  7721 | D:7      | Reached *** piety under Okawaru
  7721 | D:7      | Reached skill level 12 in Bows
  8047 | D:7      | Found a shimmering blue altar of Sif Muna.
  9039 | D:8      | HP: 3/78 [wyvern (9)]
  9487 | D:8      | Found a burning altar of Makhleb.
  9593 | D:8      | Noticed a four-headed hydra
  9640 | D:8      | HP: 3/78 [poisoned by a killer bee]
  9640 | D:8      | Slain by an orc wizard

Levels and vault maps discovered:
D:1:      dpeg_arrival_line_fractal, layout_basic
D:2:      layout_basic, first_ration, nrook_mini_backslash
D:3:      layout_rooms, led_sif_pool, overflow_temple_1_default
D:4:      layout_cave_pools, kennysheep_mini_moat, minmay_temple_entry_glass
D:5:      layout_basic, basic_altar
D:6:      layout_basic, minitemple, minmay_three_doors
D:7:      kennysheep_orc_sif_temple, layout_basic, uniq_joseph
D:8:      minmay_the_grid_triangle_9x9_rhombus_thin
          [minmay_the_grid_triangle_9x9_zippers_horizontal,
          minmay_the_grid_triangle_9x9_prize_center,
          minmay_the_grid_triangle_9x9_empty,
          minmay_the_grid_triangle_9x9_swiss_cheese], layout_basic,
          marbit_many_paths
Temple:   zaba_magenta_temple

Skill      XL: |  1  2  3  4  5  6  7  8  9 |
---------------+----------------------------+-----
Bows           | 6 7 8 9 10 11 12 | 12.6
Fighting       | 3 4 5 6 |  6.7
Evocations     | 1 2 3 4 |  4.7
Invocations    | 2 4 6 |  6.9
Dodging        | |  1.3
Stealth        | |  0.4

Action                   |  1- 3 |  4- 6 |  7- 9 || total
-------------------------+-------+-------+-------++-------
Melee: Short sword       |       |    21 |     1 ||    22
       Kick              |       |     6 |     9 ||    15
       Long sword        |       |       |    29 ||    29
 Fire: Shortbow          |    94 |   194 |   505 ||   793
Throw: Stone             |       |       |     2 ||     2
Invok: Heroism           |       |       |     1 ||     1
Evoke: Wand              |       |       |     2 ||     2
  Use: Scroll            |       |     3 |     3 ||     6
       Potion            |       |     2 |     4 ||     6
  Eat: Ration            |       |     1 |     5 ||     6
       Chunk             |       |     1 |     1 ||     2
Armor: Leather armour    |    10 |    23 |       ||    33
       Chain mail        |       |    59 |    12 ||    71
       Robe              |       |       |    60 ||    60
Dodge: Dodged            |    20 |    55 |    90 ||   165
Block: Other             |       |       |    10 ||    10
       Rpst.: Long sword |       |       |     7 ||     7
